 Dungeon Crawl Stone Soup version 0.21.0-37-g46506fa (webtiles) character file.

2625 pk666 the Fighter (level 9, -13/89 HPs)
             Began as a Minotaur Berserker on Feb 1, 2018.
             Was a High Priest of Trog.
             Hit by an exploding tomahawk thrown by an orc warrior (17 damage)
             ... on level 7 of the Dungeon.
             The game lasted 00:16:05 (5953 turns).

pk666 the Fighter (Minotaur Berserker)              Turns: 5953, Time: 00:16:05

Health: -13/89     AC:  9    Str: 24    XL:     9   Next: 34%
Magic:  0/8        EV:  9    Int:  4    God:    Trog [*****.]
Gold:   316        SH:  0    Dex: 11    Spells: 8/8 levels left

rFire    . . .     SeeInvis .   z - +0 battleaxe
rCold    . . .     Gourm    .   (shield currently unavailable)
rNeg     . . .     Faith    .   j - +0 chain mail
rPois    .         Spirit   +   (helmet restricted)
rElec    .         Reflect  .   (no cloak)
rCorr    .         Harm     .   A - +0 pair of gloves
MR       .....                  (no boots)
Stlth    ..........             h - amulet of guardian spirit
HPRegen  0.24/turn              k - ring of flight
MPRegen  0.11/turn              (no ring)

@: berserk cooldown, hasted and slowed
A: retaliatory headbutt, horns 2
a: Berserk, Trog's Hand, Brothers in Arms, Burn Spellbooks, Renounce Religion,
Evoke Flight


You were on level 7 of the Dungeon.
You worshipped Trog.
Trog was extremely pleased with you.
You were near starving.

You visited 2 branches of the dungeon, and saw 9 of its levels.
You also visited: Sewer.

You collected 316 gold pieces.

Inventory:

Hand Weapons
 z - a +0 battleaxe (weapon)
Missiles
 f - 4 javelins (quivered)
Armour
 j - a +0 chain mail (worn)
 A - a +0 pair of gloves (worn)
Jewellery
 h - an amulet of guardian spirit (around neck)
 k - a ring of flight (left hand)
 s - an uncursed ring of ice {unknown}
Wands
 n - a wand of disintegration (10)
 u - a wand of scattershot (4)
 v - a wand of iceblast (12)
Scrolls
 e - a scroll of remove curse
 i - 5 scrolls of identify
 l - a scroll of immolation {unknown}
 t - a scroll of enchant weapon
 w - 2 scrolls of fog {unknown}
 x - a scroll of teleportation {unknown}
 y - a scroll of fear {unknown}
Potions
 a - a potion of berserk rage {unknown}
 b - a potion of ambrosia {unknown}
 m - a potion of invisibility {unknown}
 o - a potion of resistance {unknown}
 p - a potion of lignification {unknown}
 q - 3 potions of brilliance {unknown}
 r - a potion of magic {unknown}
 B - a potion of agility {unknown}
Comestibles
 c - 12 rations


   Skills:
 + Level 11.2 Fighting
 + Level 11.2 Axes
 - Level 2.4 Armour
 - Level 2.1 Dodging


You had 8 spell levels left.
You didn't know any spells.

Dungeon Overview and Level Annotations

Branches:
Dungeon (9/15)             Temple (1/1) D:4
   Lair: D:8-11         Orc: D:9-12

Altars:
Makhleb
Ru
Trog

Shops:
D:4 *

Annotations:
D:8 buskinjo's ghost, novice DrIE


Innate Abilities, Weirdness & Mutations

You reflexively headbutt those who attack you in melee.
You have a pair of horns on your head.


Message History

The adder is moderately wounded.
The adder bites you.
* * * LOW HITPOINT WARNING * * *
The orc warrior hits you from afar with a glaive!
* * * LOW HITPOINT WARNING * * *
The adder bites you but does no damage.
You closely miss the adder. You headbutt the adder!
The adder is almost dead.
The orc warrior barely misses you. The adder bites you.
* * * LOW HITPOINT WARNING * * *
You are poisoned.
The adder poisons you!
You feel better. The adder bites you but does no damage.
The orc warrior hits you from afar with a glaive!
* * * LOW HITPOINT WARNING * * *
Unknown command.
The adder bites you but does no damage.
The orc warrior throws an exploding tomahawk.
The exploding tomahawk hits you!!
You die...

##... ##...# y.#.# #
#..# ###.# #...## ...
#.#..####.#
#.##.##S@.#
####.....))###
##>.)..##o.##
#..##.####....
y..o..#...# #..#...
o#...[oe##........#.#
#....... ........# #
o...#.#..########.#
).......p# ..


You could see an orc warrior and an adder.

Vanquished Creatures
  A two-headed ogre (D:8)
  A hippogriff (D:7)
  Duvessa (D:7)
  2 sky beasts
  A phantom (D:4)
  A slave (D:7)
  An ogre (D:4)
  2 centaurs
  2 bullfrogs
  Dowan (D:7)
  A water moccasin zombie (D:5)
  2 scorpions (D:5)
  6 killer bees (D:7)
  A hound (D:3)
  2 orc priests
  3 orc wizards (D:5)
  An iguana (D:5)
  Ijyb (D:3)
  A worker ant (D:4)
  8 gnolls
  A river rat (D:5)
  8 adders
  2 oozes
  An adder skeleton (D:4)
  An adder zombie (D:5)
  5 worms
  5 dart slugs (D:1)
  4 leopard geckos
  37 orcs
  6 bats
  A bat zombie (D:1)
  3 giant cockroaches
  7 goblins
  8 hobgoblins
  9 jackals
  2 quokkas
  3 ball pythons
  15 frilled lizards
  14 kobolds
  A leopard gecko skeleton (D:4)
  A quokka skeleton (D:4)
  A quokka zombie (D:1)
  16 rats
  7 plants (Sewer)
197 creatures vanquished.

Vanquished Creatures (others)
  A plant (Sewer)
1 creature vanquished.

Grand Total: 198 creatures vanquished

Notes
Turn   | Place    | Note
-------+----------+-------------------------------------------
     0 | D:1      | pk666 the Minotaur Berserker began the quest for the Orb.
     0 | D:1      | Reached XP level 1. HP: 19/19 MP: 0/0
   244 | D:1      | Reached XP level 2. HP: 27/27 MP: 1/1
   534 | D:1      | Reached XP level 3. HP: 26/34 MP: 2/2
  1218 | D:2      | Reached ** piety under Trog
  1250 | D:2      | Reached XP level 4. HP: 41/41 MP: 3/3
  1283 | D:2      | Noticed a sky beast
  1297 | D:2      | Killed a sky beast
  1297 | D:2      | Reached skill level 5 in Fighting
  1297 | D:2      | Reached skill level 5 in Axes
  1297 | D:2      | Reached XP level 5. HP: 32/50 MP: 4/4
  1844 | D:3      | Reached XP level 6. HP: 43/57 MP: 5/5
  1902 | D:3      | Noticed Ijyb
  1913 | D:3      | Killed Ijyb
  2601 | D:3      | Found a burning altar of Makhleb.
  3095 | D:4      | Reached *** piety under Trog
  3109 | D:4      | Found a staircase to the Ecumenical Temple.
  3122 | Temple   | Entered the Ecumenical Temple
  3205 | D:4      | Noticed a moth of wrath
  3208 | D:4      | Found a bloodstained altar of Trog.
  3484 | D:4      | Reached XP level 7. HP: 64/66 MP: 6/6
  3492 | D:4      | Found Muduwk's Assorted Antiques.
  3864 | D:5      | Entered Level 5 of the Dungeon
  3903 | D:5      | Found a sacrificial altar of Ru.
  4051 | D:5      | Reached XP level 8. HP: 50/75 MP: 5/7
  4105 | D:5      | Reached **** piety under Trog
  4118 | D:5      | Found a glowing drain.
  4127 | Sewer    | Entered a sewer
  5248 | D:5      | You fall through a shaft for 3 floors!
  5253 | D:8      | Noticed buskinjo's ghost (novice DrIE)
  5302 | D:8      | Noticed a troll
  5578 | D:8      | Noticed a two-headed ogre
  5587 | D:8      | Killed a two-headed ogre
  5587 | D:8      | Reached skill level 10 in Fighting
  5587 | D:8      | Reached skill level 10 in Axes
  5587 | D:8      | Reached XP level 9. HP: 13/86 MP: 1/8
  5907 | D:7      | Noticed Duvessa
  5931 | D:7      | Noticed Dowan
  5936 | D:7      | Killed Duvessa
  5939 | D:7      | Killed Dowan
  5941 | D:7      | Reached ***** piety under Trog
  5952 | D:7      | HP: 3/89 [orc warrior/glaive (10)]
  5953 | D:7      | Hit by an exploding tomahawk thrown by an orc warrior

Skill      XL: |  1  2  3  4  5  6  7  8  9 |
---------------+----------------------------+-----
Fighting       | 4 5 6 7 8 10 11 | 11.2
Axes           | 4 5 6 7 8 10 11 | 11.2
Armour         | |  2.4
Dodging        | |  2.1

Action                   |  1- 3 |  4- 6 |  7- 9 || total
-------------------------+-------+-------+-------++-------
Melee: Hand axe          |    71 |   156 |   258 ||   485
       Headbutt          |    14 |    23 |    73 ||   110
       Battleaxe         |       |       |    71 ||    71
Throw: Javelin           |     3 |     5 |       ||     8
Invok: Berserk           |       |       |     3 ||     3
  Use: Scroll            |     2 |       |     1 ||     3
       Potion            |       |       |     7 ||     7
  Eat: Chunk             |     1 |     7 |    10 ||    18
Armor: Scale mail        |     1 |       |       ||     1
       Chain mail        |    29 |    72 |   142 ||   243
Dodge: Dodged            |    36 |    58 |   115 ||   209
